 Dungeon Crawl Stone Soup version 0.27.0-1-g7a089689b8 (webtiles) character file.

Game seed: 16443375248229298512

136 H0rd4k the Caller (level 5, -8/33 (36) HPs)
             Began as a Barachi Summoner on Aug 6, 2021.
             Mangled by a wight (9 damage)
             ... on level 4 of the Dungeon.
             The game lasted 00:08:21 (5664 turns).

H0rd4k the Caller (Barachi Summoner)                Turns: 5664, Time: 00:08:22

HP:   -8/33 (36)    AC:  3    Str:  9    XL:     5   Next: 19%
MP:   0/19          EV: 12    Int: 16    God:
Gold: 97            SH:  0    Dex: 13    Spells: 7/11 levels left

rFire    + . .     SeeInvis .   (no weapon)
rCold    . . .     Faith    .   (no shield)
rNeg     . . .     Spirit   +   a - +1 robe
rPois    .         Reflect  .   (no helmet)
rElec    .         Harm     .   (no cloak)
rCorr    .         Rampage  .   (no gloves)
Will     .....                  (no boots)
Stlth    ++........             e - amulet of guardian spirit
HPRegen  0.11/turn              k - ring of protection from fire
MPRegen  0.16/turn              m - ring of magical power

@: weak-willed, unable to hop, drained, invisible, slow
A: amphibious, slowness 1, strong legs 1, +LOS
a: Hop


You were on level 4 of the Dungeon.
You visited 1 branch of the dungeon, and saw 4 of its levels.

You collected 97 gold pieces.

Inventory:

Missiles
 l - 16 poisoned darts
Armour
 a - a +1 robe (worn)
 g - a +2 hat
Jewellery
 c - a ring of fire
 e - an amulet of guardian spirit (around neck)
 k - a ring of protection from fire (left hand)
 m - a ring of magical power (right hand)
Wands
 p - a wand of acid (10)
Scrolls
 b - a scroll of noise {unknown}
 i - 4 scrolls of enchant armour
 j - 2 scrolls of amnesia
 o - a scroll of acquirement {unknown}
 r - a scroll of fear {unknown}
 u - a scroll of teleportation {unknown}
Potions
 f - a potion of magic {unknown}
 s - a potion of lignification {unknown}
 t - a potion of experience {unknown}


   Skills:
 + Level 0.6 Fighting
 + Level 3.0 Dodging
 + Level 2.0 Stealth
 + Level 3.6 Spellcasting
 + Level 6.1 Summonings


You had 7 spell levels left.
You knew the following spells:

 Your Spells              Type           Power      Damage    Failure   Level
a - Summon Small Mammal   Summ           88%        N/A       1%          1
b - Call Canine Familiar  Summ           22%        N/A       4%          3

Your spell library contained the following spells:

 Spells                   Type           Power      Damage    Failure   Level
 Call Imp                 Summ           22%        N/A       2%          2
 Summon Guardian Golem    Hex/Summ       12%        N/A       16%         3
 Slow                     Hex            2%         N/A       26%         2
 Summon Lightning Spire   Summ/Air       12%        N/A       45%         4
 Confusing Touch          Hex            2%         N/A       47%         3
 Vampiric Draining        Necr           1%         2d6       47%         3


Dungeon Overview and Level Annotations

Branches:
Dungeon (4/15)
 Temple: D:4-7

Altars:

Annotations:
D:2 Robin


Innate Abilities, Weirdness & Mutations

You are amphibious.
You cover ground slowly.
You can hop short distances.
You have an extended range of vision and can be seen from far away.


Message History

Orders for allies: a - Attack new target. r - Retreat! s - Stop attacking. g - Guard the area. f - Follow me.
Anything else - Cancel.
Guard this area!
The wight hits your quokka with a +6 hand axe!
Your quokka dies!
Your quokka's corpse disappears in a puff of smoke!
As you read the scroll labelled ZESUOSSI XOAJAA, it crumbles to dust.
You feel aware of your surroundings.
You sensed 1 shop/portal.
It was a scroll of magic mapping.
As you read the scroll labelled IPENONL MAKIMO, it crumbles to dust.
It is a scroll of enchant armour.
Your +0 robe glows green for a moment.
The wight misses you.
As you read the scroll labelled YKYGOGH HADEU, it crumbles to dust.
It is a scroll of amnesia.
Really abort (and waste the scroll)? [Y]es or [N]o only, please.
Really abort (and waste the scroll)? [Y]es or [N]o only, please.
Really abort (and waste the scroll)? [Y]es or [N]o only, please.
Really abort (and waste the scroll)?
Really abort (and waste the scroll)?
Okay, then.
The wight barely misses you.
As you read the scroll labelled ISIRUI IDASUEL, it crumbles to dust.
Magic quickly surges around you.
It was a scroll of vulnerability.
The wight hits you with a +6 hand axe.
As you read the scroll labelled NOPYDA TOSE, it crumbles to dust.
The scroll dissolves into smoke.
It was a scroll of fog.
The wight hits you with a +6 hand axe!
* * * LOW HITPOINT WARNING * * *
You feel drained.
* * * LOW HITPOINT WARNING * * *
Unknown command.
It was a potion of invisibility.
You fade into invisibility!
The wight hits you with a +6 hand axe!
You die...

*,,,..........######.#.#.#***⌠,
***,....#####.# *,,,,,* *,,∩
*,,,,,* #.# ***,*****,⌠,
*****,* #.# *,,,<,,,,, *,* #.#
*,******** *,* #.# *,* ******
*,* #§# *,***,,,,, *,* #z#####
*,,,,,**** *******,* #§@§§.#
*,***,* *,,,,,,,* #####.#
*,***,**** *,******* *,*
*,**,,,,,, *,* *,* *,**,,****
*,* *,* *,**,,,,,, *,* *,*
*,**,,**** *,********* *,*
*,**,,* *,,,,,,,,,* *,* *,**,,*
***********,* *,****,**,,*


You could see a wight (weak-willed).

Vanquished Creatures (collateral kills)
  An ogre (D:4)
  An orc priest (D:3)
  An iguana (D:4)
  A hound skeleton (D:2)
  2 adders (D:3)
  A dart slug (D:1)
  5 orcs (D:3)
  3 bats
  6 endoplasms
  2 giant cockroaches
  12 goblins
  5 hobgoblins
  4 jackals
  2 quokkas
  4 ball pythons
  4 frilled lizards
  6 kobolds
  9 rats
69 creatures vanquished.

Notes
Turn   | Place    | Note
-------+----------+-------------------------------------------
     0 | D:1      | H0rd4k the Barachi Summoner began the quest for the Orb.
     0 | D:1      | Reached XP level 1. HP: 13/13 MP: 3/3
    85 | D:1      | Reached skill level 5 in Summonings
   455 | D:1      | Reached XP level 2. HP: 19/19 MP: 0/5
  1193 | D:1      | Found a faded altar of an unknown god.
  2064 | D:2      | Noticed Robin
  2078 | D:2      | Reached XP level 3. HP: 24/24 MP: 2/7
  2189 | D:2      | Learned a level 3 spell: Call Canine Familiar
  3850 | D:3      | Reached XP level 4. HP: 20/30 MP: 1/8
  5384 | D:4      | Noticed an ogre
  5404 | D:4      | Killed an ogre
  5405 | D:4      | Reached skill level 6 in Summonings
  5405 | D:4      | Reached XP level 5. HP: 28/36 MP: 10/10
  5663 | D:4      | HP: 1/33 [wight (3)]
  5664 | D:4      | Mangled by a wight

Illustrated notes

Levels and vault maps discovered:
D:1:      onia_arrival_handbag, layout_loops_ring,
          ebering_ecumenical_altar_ruins
D:2:      layout_basic, chequers_serial_rivers_small_b, grunt_decor_one_mirror,
          uniq_robin
D:3:      layout_basic
D:4:      layout_loops_ring, serial_shops, shop_fountains, uniq_eustachio

Skill      XL: |  1  2  3  4  5 |
---------------+----------------+-----
Summonings     | 5 6 |  6.1
Spellcasting   | 3 |  3.6
Stealth        | 2 |  2.0
Dodging        | 3 |  3.0
Fighting       | |  0.6

Action                   |  1- 3 |  4- 6 || total
-------------------------+-------+-------++-------
Melee: Unarmed           |    13 |     1 ||    14
 Cast: Summon Small Mamm |   100 |     4 ||   104
       Call Canine Famil |    11 |    18 ||    29
 Abil: Hop               |     1 |     2 ||     3
  Use: Potion            |     2 |     1 ||     3
       Scroll            |       |     5 ||     5
Armor: Robe              |    16 |     7 ||    23
Dodge: Dodged            |    64 |    35 ||    99
